 Dungeon Crawl Stone Soup version 0.29.1-15-g9cfb28693d (webtiles) character file.

Game seed: 10819457937746840718

21 Kranky the Stinger (level 2, -4/23 HPs)
             Began as a Gnoll Wanderer on Apr 25, 2023.
             Slain by a goblin
             ... wielding a +0 club
             ... led by Robin
              (5 damage)
             ... on level 2 of the Dungeon.
             The game lasted 00:01:49 (583 turns).

Kranky the Stinger (Gnoll Wanderer)                  Turns: 583, Time: 00:01:50

Health: -4/23      AC:  2    Str:  8    XL:     2   Next: 83%
Magic:  7/7        EV: 15    Int:  9    God:
Gold:   69         SH:  5    Dex: 16    Spells: 9/10 levels left

rFire   . . .      SeeInvis .   a - +0 falchion
rCold   . . .      Faith    .   b - +0 buckler
rNeg    . . .      Spirit   .   d - +0 robe
rPois   .          Reflect  .   (no helmet)
rElec   .          Harm     .   (no cloak)
rCorr   .          Rampage  .   (no gloves)
Will    .....                   (no boots)
Stlth   ++........              (no amulet)
HPRegen 0.07/turn               h - +4 ring of evasion
MPRegen 0.10/turn               (no ring)

@: no status effects
A: fangs 1, strong nose, distributed training
a: no special abilities


You were on level 2 of the Dungeon.
You visited 1 branch of the dungeon, and saw 2 of its levels.

You collected 69 gold pieces.

Inventory:

Hand Weapons
 a - a +0 falchion (weapon)
Missiles
 g - a throwing net
Armour
 b - a +0 buckler (worn)
 d - a +0 robe (worn)
Jewellery
 h - a +4 ring of evasion (left hand)
Scrolls
 e - 2 scrolls of identify {unknown}
 f - 2 scrolls of teleportation {unknown}
 i - a scroll of torment {unknown}
 k - a scroll of immolation {unknown}
 l - a scroll of magic mapping {unknown}
Potions
 c - a potion of berserk rage
 j - a potion of mutation {unknown}
 m - a potion of heal wounds {unknown}


   Skills:
 + Level 2.5 Fighting
 + Level 0.5 Short Blades
 + Level 4.5 Long Blades
 + Level 0.5 Axes
 + Level 0.5 Maces & Flails
 + Level 0.5 Polearms
 + Level 0.5 Staves
 + Level 0.5 Ranged Weapons
 + Level 0.5 Throwing
 + Level 0.5 Armour
 + Level 0.5 Dodging
 + Level 0.5 Stealth
 + Level 2.5 Shields
 + Level 0.5 Unarmed Combat
 + Level 4.9 Spellcasting
 + Level 0.4 Conjurations
 + Level 0.4 Hexes
 + Level 0.4 Summonings
 + Level 0.4 Necromancy
 + Level 0.4 Translocations
 + Level 0.4 Transmutations
 + Level 0.4 Fire Magic
 + Level 0.4 Ice Magic
 + Level 0.4 Air Magic
 + Level 0.4 Earth Magic
 + Level 5.4 Poison Magic
 + Level 0.7 Invocations
 + Level 2.5 Evocations


You had 9 spell levels left.
You knew the following spells:

 Your Spells              Type           Power      Damage    Failure   Level
a - Sting                 Tmut/Pois      28%        1d4       10%         1

Your spell library contained the following spells:

 Spells                   Type           Power      Damage    Failure   Level
 Slow                     Hex            8%         N/A       28%         1
 Spider Form              Tmut/Pois      7%         N/A       30%         3
 Olgreb's Toxic Radiance  Pois           11%        N/A       34%         4
 Confusing Touch          Hex            2%         N/A       63%         3
 Vampiric Draining        Necr           2%         2d6       63%         3


Dungeon Overview and Level Annotations

Branches:
Dungeon (1/15)

Altars:

Annotations:
D:2 Robin


Innate Abilities, Weirdness & Mutations

You have very sharp teeth.
Your uncanny sense of smell can sniff out nearby items.
Your experience applies equally to all skills.


Message History

You miss the bat. You block the bat's attack.
The bat hits you but does no damage.
You hit the bat.
You kill the bat!
You slash the goblin!
You kill the goblin!
You slash the goblin!
You kill the goblin!
You hit the goblin.
The goblin is moderately wounded.
The goblin misses you.
Robin roars a battlecry!
The goblin goes into a battle-frenzy!
You slash the goblin!
You kill the goblin!
Robin hits you from afar with a +0 spear.
A hobgoblin comes into view.
The goblin shouts!
Robin throws the goblin at you!
Items here: )))) ††.
The hobgoblin shouts!
You slash Robin!
Robin is heavily wounded.
The goblin hits you with a +0 club. Robin misses you.
You hit Robin.
Robin is severely wounded.
The goblin hits you with a +0 club. Robin completely misses you.
A goblin comes into view. It is wielding a +0 club.
Robin misses you. The goblin hits you with a +0 club.
* * * LOW HITPOINT WARNING * * *
You are too injured to fight recklessly!
You are too injured to fight recklessly!
You are too injured to fight recklessly!
You are too injured to fight recklessly!
You hit Robin but do no damage.
Robin is heavily wounded.
Robin hits you with a +0 spear.
* * * LOW HITPOINT WARNING * * *
The goblin hits you with a +0 club.
You die...

#g..## ..ggg.
.....># ..g....
..g.. ... ∆
#g#########
.#.gg.gggg.#
#§_..§#######@#
..?§.#. ##g#
##.§
#^.#####..# ##
g# ...#..## ∆ .
#.#.## #[ #...#
#. ##..# ####


You could see Robin, 2 hobgoblins and 4 goblins.

Vanquished Creatures
  An endoplasm (D:1)
  3 giant cockroaches (D:1)
  5 goblins
  A hobgoblin (D:1)
  3 ball pythons (D:1)
  2 bats
  A kobold (D:1)
  2 rats (D:1)
18 creatures vanquished.

Notes
Turn   | Place    | Note
-------+----------+-------------------------------------------
     0 | D:1      | Kranky the Gnoll Wanderer began the quest for the Orb.
     0 | D:1      | Kranky set off with the following items: a +0 falchion, a
                  | +0 buckler, a potion of berserk rage, a +0 robe; and the
                  | following spell memorised: Sting; and the following spells
                  | available to memorise: Spider Form, Olgreb's Toxic
                  | Radiance.
     0 | D:1      | Reached XP level 1. HP: 17/17 MP: 6/6
   311 | D:1      | Reached XP level 2. HP: 11/23 MP: 4/7
   546 | D:1      | You fall into a shaft and drop 1 floor!
   559 | D:2      | Found a faded altar of an unknown god.
   562 | D:2      | Noticed Robin
   583 | D:2      | HP: 1/23 [Robin/+0 spear (3)]
   583 | D:2      | Slain by a goblin

Illustrated notes

Levels and vault maps discovered:
D:1:      scummos_arrival_gate, layout_basic
D:2:      layout_rooms, ebering_ecumenical_altar_mist, uniq_crazy_yiuf_cottage,
          uniq_terence, uniq_sigmund, uniq_robin

Action                   || total
-------------------------++-------
Melee: Falchion          ||    39
       Bite              ||     4
 Cast: Sting             ||     6
 Stab: Sleeping          ||     3
       Distracted        ||     1
Armor: Robe              ||     6
Dodge: Dodged            ||    30
Block: Buckler           ||     9
